 Dungeon Crawl Stone Soup version 0.26.1-11-gd32895ea62 (webtiles) character file.

Game seed: 14260310267223984176

2584 nothank2 the Cleaver (level 9, 0/77 HPs)
             Began as a Minotaur Fighter on June 22, 2021.
             Was a Believer of Wu Jian.
             Slain by a wolf (5 damage)
             ... led by Grum
             ... on level 8 of the Dungeon.
             The game lasted 00:18:20 (6835 turns).

nothank2 the Cleaver (Minotaur Fighter)             Turns: 6835, Time: 00:18:21

Health: 0/77       AC: 14    Str: 24    XL:     9   Next: 32%
Magic:  8/8        EV:  8    Int:  5    God:    Wu Jian [**....]
Gold:   344        SH: 13    Dex: 10    Spells: 8/8 levels left

rFire    . . .     SeeInvis .   B - +0 scimitar (holy)
rCold    + . .     Faith    .   s - +2 kite shield
rNeg     . . .     Spirit   .   b - +0 scale mail
rPois    .         Reflect  .   (helmet restricted)
rElec    .         Harm     .   j - +1 cloak
rCorr    .         Rampage  .   (no gloves)
Will     .....                  (no boots)
Stlth    ..........             (no amulet)
HPRegen  0.22/turn              q - +4 ring of protection
MPRegen  0.11/turn              x - ring of protection from cold

@: no status effects
A: retaliatory headbutt, horns 2
a: Renounce Religion, Wall Jump


You were on level 8 of the Dungeon.
You worshipped Wu Jian.
Wu Jian was pleased with you.
You visited 2 branches of the dungeon, and saw 9 of its levels.

You collected 344 gold pieces.

Inventory:

Hand Weapons
 a - a +1 war axe
 B - a +0 scimitar of holy wrath (weapon)
Missiles
 f - 31 poisoned darts
 g - 5 atropa-tipped darts (quivered)
Armour
 b - a +0 scale mail (worn)
 j - a +1 cloak (worn)
 s - a +2 kite shield (worn)
 w - a cursed +0 leather armour
Jewellery
 m - an uncursed amulet of inaccuracy
 q - a +4 ring of protection (left hand)
 x - a ring of protection from cold (right hand)
Wands
 o - a wand of flame (13)
Scrolls
 c - a scroll of amnesia
 e - 3 scrolls of identify
 i - a scroll of enchant armour
 n - 2 scrolls of remove curse
 u - a scroll of fog
Potions
 d - a potion of might
 h - 9 potions of curing
 k - 2 potions of berserk rage
 l - 2 potions of haste
 p - a potion of flight
 r - 2 potions of magic
 t - 2 potions of heal wounds {unknown}
 v - a potion of cancellation {unknown}
 A - 2 potions of ambrosia
 C - 2 potions of lignification


   Skills:
 + Level 6.3 Fighting
 * Level 7.5 Long Blades
 - Level 8.1 Axes
 + Level 0.1 Throwing
 + Level 7.0 Armour
 + Level 7.9 Shields


You had 8 spell levels left.
You didn't know any spells.
Your spell library contained the following spells:

 Spells                   Type           Power        Failure   Level
 Animate Skeleton         Necr           0%           96%         1
 Apportation              Tloc           0%           96%         1
 Corona                   Hex            0%           96%         1
 Magic Dart               Conj           0%           96%         1
 Summon Small Mammal      Summ           0%           96%         1
 Blink                    Tloc           N/A          99%         2
 Call Imp                 Summ           0%           99%         2
 Slow                     Hex            0%           99%         2
 Conjure Flame            Conj/Fire      0%           100%        3
 Mephitic Cloud           Conj/Pois/Air  0%           100%        3


Dungeon Overview and Level Annotations

Branches:
Dungeon (8/15)             Temple (1/1) D:4
   Lair: D:8-11

Altars:
Ashenzari
Cheibriados
Dithmenos
Elyvilon
Fedhas
Gozag
Hepliaklqana
Kikubaaqudgha
Makhleb
Nemelex Xobeh
Okawaru
Sif Muna
Trog
Uskayaw
Vehumet
Wu Jian
Xom
Yredelemnul
Zin
The Shining One


Innate Abilities, Weirdness & Mutations

You reflexively headbutt those who attack you in melee.
You have a pair of horns on your head.


Message History

You closely miss the wolf. The wolf bites you but does no damage.
You hit the wolf. Your headbutt misses the wolf.
The wolf is moderately wounded.
You block the wolf's attack. x2
You closely miss the wolf. You headbutt the wolf!
The wolf is heavily wounded.
You block the wolf's attack. The wolf bites you.
* * * LOW HITPOINT WARNING * * *
You block the wolf's attack. x2
You closely miss the wolf.
The wolf is moderately wounded.
The wolf bites you but does no damage. The wolf bites you.
* * * LOW HITPOINT WARNING * * *
You block the wolf's attack. The wolf barely misses you.
You completely miss the wolf. Your headbutt misses the wolf.
The wolf is moderately wounded.
The wolf barely misses you.
You riposte.
You barely miss the wolf.
The wolf is moderately wounded.
The wolf bites you.
You die...

#># #.# #.# #.#
#. #.# #.#
#.####.#####.#
##.......)....#
........#######
#######.# #.#
#@# #.....hh#
#...##### ##


You could see 2 wolves.

Vanquished Creatures
  Psyche (D:8)
  Grum (D:8)
  Duvessa (D:5)
  2 orc warriors (D:6)
  An ice beast (D:7)
  2 sky beasts (D:5)
  An ogre (D:7)
  2 wolves (D:8)
  A big kobold (D:8)
  Blork the orc (D:5)
  Dowan (D:5)
  3 scorpions
  2 howler monkeys (D:5)
  A centaur zombie (D:5)
  2 bullfrog zombies
  A quasit (D:7)
  2 hounds
  A bullfrog skeleton (D:5)
  2 orc priests
  A jelly (D:5)
  4 orc wizards
  Crazy Yiuf (D:3)
  3 iguanas
  3 worker ants
  A hound skeleton (D:7)
  5 gnolls
  8 adders
  2 river rats (D:3)
  A shadow imp (D:5)
  An ooze (D:3)
  An adder skeleton (D:5)
  A worm (D:3)
  2 dart slugs
  6 leopard geckos
  22 orcs
  2 ball pythons
  6 bats
  7 giant cockroaches
  6 goblins
  3 hobgoblins
  8 jackals
  10 kobolds
  6 quokkas
  3 frilled lizards
  A jackal skeleton (D:5)
  A jackal zombie (D:7)
  A quokka skeleton (D:5)
  8 rats
152 creatures vanquished.

Vanquished Creatures (others)
  11 plants (D:3)
11 creatures vanquished.

Grand Total: 163 creatures vanquished

Notes
Turn   | Place    | Note
-------+----------+-------------------------------------------
     0 | D:1      | nothank2 the Minotaur Fighter began the quest for the Orb.
     0 | D:1      | Reached XP level 1. HP: 19/19 MP: 0/0
   106 | D:1      | Reached XP level 2. HP: 27/27 MP: 1/1
   644 | D:2      | Found a faded altar of an unknown god.
   834 | D:2      | Reached XP level 3. HP: 29/33 MP: 2/2
  1503 | D:3      | Reached skill level 3 in Axes
  1533 | D:3      | Noticed a scorpion
  1534 | D:3      | Reached XP level 4. HP: 40/40 MP: 3/3
  1537 | D:3      | Noticed a +0 hand axe
  1538 | D:3      | Noticed a +0 dagger
  1552 | D:3      | Reached skill level 4 in Axes
  1885 | D:3      | Found a hide-covered altar of Uskayaw.
  1901 | D:3      | Reached XP level 5. HP: 40/47 MP: 4/4
  2309 | D:3      | Found a runed translucent door.
  2310 | D:3      | Noticed Crazy Yiuf
  2319 | D:3      | Killed Crazy Yiuf
  2320 | D:3      | Reached skill level 5 in Axes
  2765 | D:4      | Found a staircase to the Ecumenical Temple.
  2777 | D:4      | Reached skill level 5 in Shields
  2777 | D:4      | Reached XP level 6. HP: 53/53 MP: 5/5
  2778 | Temple   | Entered the Ecumenical Temple
  2953 | Temple   | Became a worshipper of the Wu Jian Council
  3257 | D:4      | Reached skill level 5 in Armour
  3817 | D:5      | Entered Level 5 of the Dungeon
  3889 | D:5      | Reached skill level 6 in Axes
  3973 | D:5      | Reached XP level 7. HP: 60/60 MP: 6/6
  4027 | D:5      | Reached skill level 5 in Fighting
  4154 | D:5      | Reached * piety under Wu Jian
  4239 | D:5      | Noticed Duvessa
  4240 | D:5      | Noticed Dowan
  4246 | D:5      | Reached skill level 7 in Axes
  4248 | D:5      | Killed Duvessa
  4253 | D:5      | Killed Dowan
  4346 | D:5      | Noticed Blork the orc
  4360 | D:5      | Killed Blork the orc
  4361 | D:5      | Reached skill level 8 in Axes
  4361 | D:5      | Reached XP level 8. HP: 64/69 MP: 7/7
  4680 | D:6      | Reached skill level 1 in Long Blades
  5125 | D:6      | Found an opulent altar of Gozag.
  5773 | D:7      | Reached ** piety under Wu Jian
  5997 | D:7      | Reached skill level 5 in Long Blades
  6329 | D:7      | Found a hazy altar of Hepliaklqana.
  6453 | D:7      | Found a blossoming altar of Fedhas.
  6653 | D:8      | Noticed Psyche
  6668 | D:8      | Killed Psyche
  6669 | D:8      | Reached XP level 9. HP: 73/75 MP: 8/8
  6812 | D:8      | Noticed Grum
  6830 | D:8      | Killed Grum
  6835 | D:8      | Slain by a wolf

Illustrated notes

Levels and vault maps discovered:
D:1:      amcnicky_arrival_gap_in_the_tavern_cellar, layout_basic
D:2:      layout_basic, chequers_ecumenical_altar_twisty, hex_tiny
D:3:      layout_rooms, dancing_weapons_uskayaw, gup_sewer_entry_bubbles,
          serial_bayou_lake_a, uniq_crazy_yiuf_cottage
D:4:      layout_gridville, minmay_temple_entry_large_hall, serial_bayou_pond_d
D:5:      kennysheep_six_static_rooms, layout_rooms, uniq_duvessa,
          uniq_blork_the_orc
D:6:      layout_basic, nicolae_gozag_seed_capital
D:7:      minmay_chambers_of_fours, layout_cave_pools,
          nzn_hepliaklqana_mist_gate, general_overflow_altar
D:8:      layout_loops_ring, nicolae_ru_great_annihilating_truth,
          minmay_statues_item, lemuel_mausoleum_altar_kikubaaqudgha,
          uniq_psyche, uniq_maurice, uniq_grum
Temple:   nicolae_temple_elliptical

Skill      XL: |  1  2  3  4  5  6  7  8  9 |
---------------+----------------------------+-----
Armour         | 4 5 6 7 |  7.0
Shields        | 4 5 6 7 |  7.9
Fighting       | 4 5 6 |  6.3
Axes           | 3 4 5 6 8 |  8.1
Long Blades    | 6 7 |  7.5
Throwing       | |  0.1

Action                   |  1- 3 |  4- 6 |  7- 9 || total
-------------------------+-------+-------+-------++-------
Melee: War axe           |    72 |   168 |    54 ||   294
       Headbutt          |     8 |    25 |    40 ||    73
       Scimitar          |       |       |   178 ||   178
Throw: Dart              |     1 |       |     1 ||     2
Invok: Lunge             |       |     4 |    11 ||    15
       Whirlwind         |       |       |     1 ||     1
  Use: Scroll            |     4 |     7 |     6 ||    17
Armor: Scale mail        |    40 |    69 |    86 ||   195
Dodge: Dodged            |    37 |    36 |    78 ||   151
Block: Kite shield       |    45 |    75 |   152 ||   272
       Rpst.: Scimitar   |       |       |    11 ||    11
